Map: 애씨드 플랜트 - 래더

Players

Cure - Winner!

  • Race: Terran Terran
  • League: Master
  • Spawn Location: 11:00

Ragnarok (SHIN)

  • Race: Zerg Zerg
  • League: Master
  • Spawn Location: 5:00

VOD

Have the link to the VOD?

Description

Time

  • Played on: June 26, 2018, 7:58 a.m.
  • Length: 10:04
Show
View Real Time Build Order
Export as new Build Order

Cure Terran - Winner!

Build Orders: Reaper Expand, Bio Tank 

Get SALT Encoding   

  12  0:00  SCV  
  13  0:12  SCV  
  14  0:17  Supply Depot  
  14  0:24  SCV  
  15  0:38  SCV  
  15  0:40  Barracks  
  15  0:42  Refinery  
  16  0:50  SCV  
  17  1:03  SCV  
  18  1:15  SCV  
  19  1:27  Reaper, Orbital Command  
  20  1:38  Command Center  
  20  1:48  Supply Depot  
  20  1:53  SCV  
  21  1:59  Marine  
  22  2:05  SCV  
  23  2:12  Factory  
  23  2:17  SCV  
  23  2:19  Barracks Reactor  
  24  2:29  SCV  
  25  2:41  SCV, Command Center  
  26  2:52  Orbital Command  
  26  2:53  SCV  
  26  2:57  Starport  
  27  3:05  Hellion x2  
  31  3:06  SCV  
  31  3:12  Refinery, Barracks Tech Lab  
  32  3:19  SCV x2  
  34  3:29  Hellion x2  
  34  3:31  SCV x2  
  40  3:41  Banshee  
  40  3:43  SCV x2  
  45  3:53  Orbital Command  
  45  3:55  SCV x2  
  47  3:58  Refinery  
  47  4:05  Supply Depot  
  47  4:07  SCV x2  
  47  4:09  Barracks Tech Lab  
  49  4:19  SCV x2  
  49  4:21  Barracks x2  
  49  4:22  Factory Reactor  
  51  4:29  Stimpack, Orbital Command, Marine  
  51  4:30  Refinery  
  52  4:31  SCV x2  
  52  4:36  Supply Depot  
  52  4:37  Starport Reactor  
  54  4:38  Engineering Bay x2  
  54  4:43  SCV  
  54  4:44  SCV  
  56  4:48  Marine  
  57  4:55  SCV  
  57  4:56  SCV x2  
  60  5:00  Supply Depot  
  60  5:06  Terran Infantry Armor Level 1, Terran Infantry Weapons Level 1  
  60  5:07  SCV  
  60  5:08  SCV x2  
  60  5:11  Marine x3  
  66  5:14  Marine  
  66  5:15  Marine  
  66  5:16  Medivac x2  
  66  5:19  SCV  
  66  5:20  SCV x2  
  75  5:21  Supply Depot  
  75  5:24  Supply Depot  
  75  5:29  Marine x3  
  75  5:31  SCV, Siege Tank  
  75  5:32  Marine x2  
  84  5:36  SCV  
  85  5:43  SCV x2  
  85  5:44  Supply Depot  
  85  5:45  Supply Depot  
  85  5:46  Marine  
  85  5:47  Marine x2  
  85  5:48  SCV  
  91  5:50  Marine  
  91  5:55  SCV  
  93  5:59  Marine  
  93  6:01  SCV x2  
  95  6:06  Marine x3  
  95  6:07  SCV  
  95  6:08  Marine  
  95  6:09  Supply Depot  
  95  6:10  Siege Tank  
  103  6:11  Supply Depot  
  103  6:12  Medivac x2  
  103  6:16  SCV x2  
  103  6:17  Marine  
  110  6:19  SCV  
  111  6:26  Marine x4  
  111  6:30  Combat Shields  
  111  6:31  Armory  
  115  6:35  Marine  
  115  6:39  SCV x3  
  118  6:44  Barracks, Siege Tank  
  118  6:45  Barracks  
  121  6:47  Supply Depot  
  121  6:49  Refinery  
  121  6:51  Refinery  
  121  6:52  Marine x3  
  121  6:53  Marauder, Marine  
  127  6:56  Medivac  
  127  6:57  Medivac  
  127  6:59  SCV x2  
  133  7:08  SCV  
  133  7:11  Marine x2  
  133  7:12  Marine x2  
  133  7:14  Marauder  
  140  7:15  Supply Depot  
  140  7:16  Supply Depot, Factory  
  140  7:23  Terran Infantry Weapons Level 2  
  140  7:29  Siege Tank  
  141  7:30  Missile Turret  
  141  7:33  Barracks Reactor x2, Marine x3  
  141  7:37  SCV x3, Marauder, Marine  
  141  7:38  Supply Depot  
  141  7:39  Supply Depot  
  147  7:47  Terran Infantry Armor Level 2  
  147  7:51  Terran Vehicle Weapons Level 1  
  146  7:55  Supply Depot  
  146  7:56  Marine x4  
  150  7:59  Marauder  
  150  8:00  Command Center  
  150  8:02  Sensor Tower, Siege Tank, Factory Tech Lab  
  154  8:11  Medivac  
  156  8:14  Marine x4  
  156  8:15  Marine x2  
  156  8:16  Marine x2  
  164  8:20  Marauder  
  164  8:21  Siege Tank  
  164  8:25  Supply Depot  
  164  8:26  Supply Depot  
  169  8:32  Marine  
  167  8:37  Marine x6  
  167  8:38  Marine  
  171  8:41  Marauder  
  171  8:45  Siege Tank  
  176  8:49  Medivac  
  176  8:50  Medivac, Marine  
  176  8:54  Marine x2  
  176  8:55  Marine x4  
  187  8:56  Marine  
  187  9:03  Marauder  
  187  9:04  Concussive Shells  
  187  9:08  Marine  
  186  9:12  Marine x5  
  186  9:14  Marine x2  
  191  9:20  Siege Tank x2  
  199  9:24  Marauder  
  199  9:26  Marine  
  200  9:38  Barracks x2  
  200  9:39  Barracks  
  200  9:40  Barracks  
Show
View Real Time Build Order
Export as new Build Order

Ragnarok Zerg 

Build Orders: Hatch First 

Get SALT Encoding   

  12  0:01  Drone  
  13  0:08  Drone  
  14  0:17  Overlord  
  14  0:22  Extractor  
  14  0:23  Drone  
  15  0:35  Drone x2  
  17  0:51  Hatchery  
  17  0:55  Drone  
  17  0:58  Drone  
  18  1:10  Extractor  
  17  1:14  Spawning Pool  
  17  1:17  Drone  
  17  1:20  Drone  
  18  1:27  Drone  
  19  1:38  Overlord  
  19  2:01  Zergling x4  
  19  2:02  Queen  
  19  2:03  Queen  
  19  2:04  Drone  
  26  2:10  Metabolic Boost  
  26  2:11  Zergling x2  
  27  2:16  Drone  
  27  2:20  Drone  
  29  2:25  Drone  
  30  2:31  Drone  
  30  2:37  Drone  
  30  2:39  Queen  
  30  2:43  Overlord  
  33  2:48  Drone  
  34  2:54  Drone  
  34  2:58  Drone  
  36  3:04  Drone  
  37  3:11  Drone x2  
  39  3:13  Overlord, Drone x4  
  39  3:18  Drone  
  44  3:29  Overlord, Hatchery  
  44  3:31  Drone  
  44  3:34  Queen  
  44  3:39  Queen  
  48  3:47  Zergling x8  
  52  3:50  Drone x2  
  52  3:51  Drone  
  55  3:56  Overlord, Drone  
  55  4:00  Overlord  
  55  4:01  Drone  
  57  4:09  Roach Warren  
  56  4:15  Lair  
  56  4:16  Drone  
  57  4:19  Extractor x2  
  57  4:20  Drone x4  
  57  4:24  Drone  
  59  4:34  Drone  
  59  4:37  Drone  
  61  4:39  Spore Crawler, Evolution Chamber  
  61  4:41  Drone, Evolution Chamber  
  59  4:49  Roach x4  
  59  4:51  Drone x3  
  59  4:52  Drone  
  71  4:53  Drone  
  71  4:54  Drone  
  71  4:55  Extractor  
  72  5:01  Drone  
  72  5:03  Drone  
  74  5:12  Overlord x2  
  74  5:13  Overseer  
  74  5:15  Zerg Ground Armor Level 1  
  74  5:26  Glial Reconstitution  
  74  5:27  Overlord  
  74  5:31  Drone  
  74  5:32  Drone x8  
  74  5:33  Drone  
  84  5:36  Zerg Melee Weapons Level 1  
  84  5:38  Drone x2  
  86  5:43  Baneling Nest  
  86  5:45  Drone  
  86  5:46  Drone x2  
  86  5:47  Drone x2  
  89  5:57  Hatchery  
  89  6:00  Extractor  
  89  6:01  Drone x2  
  89  6:12  Zergling x8  
  89  6:13  Zergling x10  
  89  6:17  Overlord x2  
  98  6:24  Spire  
  97  6:26  Zergling x2  
  94  6:42  Roach x4  
  94  6:44  Zergling x8, Roach  
  108  6:49  Centrifical Hooks  
  108  6:51  Overlord x3, Overseer  
  108  6:52  Overlord  
  108  6:53  Drone x2  
  110  6:56  Overseer  
  110  6:58  Drone x4  
  114  7:04  Hatchery  
  112  7:13  Zerg Ground Armor Level 2  
  112  7:14  Drone x4  
  112  7:15  Drone  
  117  7:17  Zergling x2  
  118  7:25  Zergling x20  
  127  7:30  Zerg Melee Weapons Level 2  
  127  7:36  Drone x4  
  128  7:44  Corruptor x4  
  128  7:45  Corruptor x2  
  128  7:46  Corruptor  
  142  7:54  Zerg Flyer Weapons Level 1  
  142  7:56  Drone  
  143  7:58  Overlord x2  
  143  7:59  Overlord  
  143  8:04  Drone  
  140  8:11  Overlord, Drone x2  
  142  8:13  Zergling x2  
  142  8:14  Zergling x2  
  142  8:15  Baneling x11  
  142  8:16  Baneling x5  
  142  8:18  Zergling x22  
  155  8:24  Infestation Pit  
  153  8:32  Drone x2  
  153  8:34  Zergling x18, Hatchery  
  157  8:42  Zergling x10  
  161  8:51  Zergling x14  
  168  8:57  Overlord  
  168  8:59  Zergling x2  
  168  9:00  Zergling x14  
  168  9:02  Baneling x17  
  176  9:03  Baneling x3  
  176  9:10  Zergling x2  
  176  9:11  Zergling x8  
  176  9:13  Zergling x6  
  170  9:17  Zergling x4  
  170  9:19  Zergling x2  
  170  9:20  Zergling x4  
  170  9:21  Baneling x7  
  170  9:23  Zergling x6  
  170  9:24  Baneling x6  
  173  9:25  Zergling x4  
  173  9:28  Zergling x6  
  172  9:32  Zergling x2  
  172  9:36  Zergling x4  
  172  9:37  Zergling x8  
  177  9:41  Zergling x6  
  177  9:43  Roach  
  177  9:44  Roach  
Tags
 
Add a new tag
Caveats
  • Supply blocks, unpowered buildings, or Contaminate may cause inaccurate times.
  • Supply counts are checked every 10 seconds.